 Dungeon Crawl Stone Soup version 0.28-a0-1038-g9c4cb8273d (webtiles) character file.

Game seed: 13104460963553950701

107 ryw the Chiller (level 5, 0/30 HPs)
             Began as a Kobold Ice Elementalist on Dec 9, 2021.
             Slain by a water moccasin (5 damage)
             ... on level 4 of the Dungeon.
             The game lasted 00:09:29 (4158 turns).

ryw the Chiller (Kobold Ice Elementalist)           Turns: 4158, Time: 00:09:30

Health: 0/30       AC:  2    Str:  4 (5)  XL:     5   Next: 10%
Magic:  2/9        EV: 15    Int: 17 (19) God:
Gold:   94         SH:  0    Dex: 12 (15) Spells: 2/9 levels left

rFire   . . .      SeeInvis .   h - +2 dagger (venom)
rCold   . . .      Faith    .   (shield restricted)
rNeg    . . .      Spirit   .   a - +0 robe
rPois   .          Reflect  .   (no helmet)
rElec   .          Harm     .   (no cloak)
rCorr   .          Rampage  .   (no gloves)
Will    .....                   (no boots)
Stlth   +++.......              (no amulet)
HPRegen 0.10/turn               (no ring)
MPRegen 0.11/turn               (no ring)

@: lethally poisoned (0 -> -8), about to teleport, freezing walls, very slightly
contaminated
A: small, no large weapons, nightstalker 3
a: no special abilities


You were on level 4 of the Dungeon.
You visited 1 branch of the dungeon, and saw 4 of its levels.

You collected 94 gold pieces.

Inventory:

Hand Weapons
 b - a +0 vampiric short sword
 h - a +2 dagger of venom (weapon)
Missiles
 g - 22 poisoned darts (quivered)
Armour
 a - a +0 robe (worn)
Wands
 n - a wand of iceblast (8)
Scrolls
 c - 2 scrolls of identify
 i - a scroll of immolation
Potions
 d - a potion of attraction
 e - 2 potions of mutation {unknown}
 f - a potion of brilliance


   Skills:
 + Level 1.9 Fighting
 - Level 1.7 Short Blades
 + Level 3.4 Dodging
 - Level 2.7 Stealth
 + Level 2.6 Spellcasting
 * Level 4.6 Ice Magic


You had 2 spell levels left.
You knew the following spells:

 Your Spells              Type           Power      Damage    Failure   Level
a - Freeze                Ice            72%        1d9       2%          1
b - Frozen Ramparts       Ice            36%        1d5       8%          3
c - Ozocubu's Armour      Ice            18%        N/A       8%          3

Your spell library contained the following spells:

 Spells                   Type           Power      Damage    Failure   Level
 Ignite Poison            Fire/Tmut/Pois 2%         N/A       47%         3
 Mephitic Cloud           Conj/Pois/Air  2%         N/A       47%         3
 Hailstorm                Conj/Ice       10%        3d5       56%         4
 Freezing Cloud           Conj/Ice/Air   3%         6-21      95%         5


Dungeon Overview and Level Annotations

Branches:
Dungeon (4/15)
 Temple: D:4-7

Altars:

Annotations:
D:3 exclusion: ogre


Innate Abilities, Weirdness & Mutations

You are small and have problems with some larger weapons.
You are completely attuned to the shadows.


Message History

Okay, then.
Casting: Freeze (safe; 2% risk of failure)
Confirm with . or Enter, or press ? or * to list all spells.
The spell is quite dangerous to miscast (8% risk of failure)!
Continue anyway?
Casting: Frozen Ramparts (quite dangerous; 8% risk of failure)
Press: ? - help, Dir - look around, f - activate The walls around you are covered in ice.
The water moccasin misses you.
Your frozen ramparts will break if you move.
Continue?
Okay, then.
Casting: Frozen Ramparts (quite dangerous; 8% risk of failure)
Confirm with . or Enter, or press ? or * to list all spells.
Aiming: Freeze (safe; 2% risk of failure)
Press: ? - help, Shift-Dir - straight line, f - water moccasin
Aim: a water moccasin (lightly wounded, slow)
You freeze the water moccasin.
The water moccasin is moderately wounded.
The water moccasin is no longer moving slowly.
The water moccasin bites you.
You are lethally poisoned!
The water moccasin poisons you!
Okay, then.
As you read the scroll of teleportation, it crumbles to dust.
You feel strangely unstable.
* * * LOW HITPOINT WARNING * * *
You feel very sick.
The water moccasin bites you but does no damage.
Unknown command.
Casting: Freeze (safe; 2% risk of failure)
Confirm with . or Enter, or press ? or * to list all spells.
Aiming: Freeze (safe; 2% risk of failure)
Press: ? - help, Shift-Dir - straight line, f/p - water moccasin
Aim: a water moccasin (moderately wounded)
You miscast Freeze.
You are very lightly contaminated with residual magic.
Nothing appears to happen.
* * * LOW HITPOINT WARNING * * *
You feel very sick. The water moccasin bites you.
You die...

#.## ## .... #.###
.... ##...##....
######....@.....
###...##.....S....
#..<...#..........
###.............##
#....##......(.
#[.............
####.#........
####...... ......


You could see a water moccasin.

Vanquished Creatures
  2 adders (D:2)
  2 worms (D:2)
  A dart slug (D:3)
  4 orcs
  10 ball pythons
  2 bats
  5 endoplasms
  4 giant cockroaches
  4 goblins
  5 hobgoblins
  4 jackals
  5 kobolds
  7 quokkas
  5 frilled lizards
  8 rats
68 creatures vanquished.

Vanquished Creatures (others)
  2 plants (D:2)
2 creatures vanquished.

Grand Total: 70 creatures vanquished

Notes
Turn   | Place    | Note
-------+----------+-------------------------------------------
     0 | D:1      | ryw the Kobold Ice Elementalist began the quest for the
                  | Orb.
     0 | D:1      | Reached XP level 1. HP: 10/10 MP: 3/3
   140 | D:1      | Reached XP level 2. HP: 16/16 MP: 5/5
   180 | D:1      | Reached skill level 1 in Short Blades
  1004 | D:2      | Reached XP level 3. HP: 19/20 MP: 3/6
  1008 | D:2      | Learned a level 3 spell: Frozen Ramparts
  1126 | D:2      | Reached skill level 1 in Fighting
  1926 | D:2      | Reached XP level 4. HP: 18/25 MP: 3/7
  2040 | D:2      | Learned a level 3 spell: Ozocubu's Armour
  3268 | D:3      | Noticed an ogre
  3500 | D:3      | Reached XP level 5. HP: 30/30 MP: 6/8
  3524 | D:3      | Found a faded altar of an unknown god.
  3921 | D:4      | Noticed an ogre
  4147 | D:4      | Noticed a water moccasin
  4158 | D:4      | Slain by a water moccasin

Illustrated notes

Levels and vault maps discovered:
D:1:      minmay_arrival_checkered_box, layout_loops_ring
D:2:      layout_basic, chequers_serial_rivers_large_a,
          minmay_shallow_snake_nest
D:3:      layout_basic, shapermc_ecumenical_altar_hornbeckon
D:4:      layout_cave_pools, mainiacjoe_overflow_cross_hatched,
          kennysheep_generic_room_10

Skill      XL: |  1  2  3 |
---------------+----------+-----
Short Blades   | 1 |  1.7
Fighting       | 1 |  1.9
Dodging        | 3 |  3.4
Stealth        | |  2.7
Spellcasting   | |  2.6
Ice Magic      | |  4.6

Action                   |  1- 3 |  4- 6 || total
-------------------------+-------+-------++-------
Melee: Short sword       |    43 |    39 ||    82
       Dagger            |       |     5 ||     5
Throw: Dart              |       |     7 ||     7
 Cast: Freeze            |    24 |    26 ||    50
       Frozen Ramparts   |       |     1 ||     1
  Use: Potion            |       |     7 ||     7
       Scroll            |       |     6 ||     6
 Stab: Sleeping          |    20 |    10 ||    30
       Distracted        |     1 |       ||     1
Armor: Robe              |     4 |     3 ||     7
Dodge: Dodged            |    28 |    41 ||    69

Table legend: (Time is in decaauts)
 A = Elapsed time spent in this place.
 B = Non-inter-level travel time spent in this place.
 C = Inter-level travel time spent in this place.
 D = Time resting spent in this place.
 E = Time spent auto-exploring this place.
 F = Levels seen in this place.
 G = Mean time per level.
                   A        B        C        D        E       F      G
               +--------+--------+--------+--------+--------+-----+--------+
         Total |   4183 |   3996 |    187 |    623 |   2827 |   4 | 1045.8 |
       Dungeon |   4183 |   3996 |    187 |    623 |   2827 |   4 | 1045.8 |
               +--------+--------+--------+--------+--------+-----+--------+

Top non-repeatable levels by time:
     D:3: 1666 daAuts
     D:2: 1416 daAuts
     D:1: 1010 daAuts
     D:4: 89 daAuts
